 Dungeon Crawl Stone Soup version 0.26.1-10-gdfb7c7de75 (webtiles) character file.

Game seed: 18090390426819981227

16 Trampli the Magician (level 2, 24/24 HPs)
             Began as a Troll Hedge Wizard on Apr 6, 2021.
             Got out of the dungeon alive.
             The game lasted 00:02:24 (342 turns).

Trampli the Magician (Troll Hedge Wizard)            Turns: 342, Time: 00:02:25

Health: 24/24      AC:  6    Str: 17    XL:     2   Next: 37%
Magic:  4/4        EV: 10    Int: 10    God:
Gold:   46         SH:  0    Dex:  9    Spells: 4/5 levels left

rFire    . . .     SeeInvis .     - Unarmed
rCold    . . .     Faith    .   (no shield)
rNeg     . . .     Spirit   .   b - +0 robe
rPois    .         Reflect  .   c - +0 hat
rElec    .         Harm     .   (no cloak)
rCorr    .         Rampage  .   (gloves unavailable)
Will     .....                  (boots unavailable)
Stlth    +.........             (no amulet)
HPRegen  0.48/turn              (no ring)
MPRegen  0.09/turn              (no ring)

@: no status effects
A: large, unfitting armour, claws 3, regeneration 1, shaggy fur 1, tough skin 3
a: no special abilities


You escaped.
You visited 1 branch of the dungeon, and saw 1 of its levels.

You collected 46 gold pieces.

Inventory:

Hand Weapons
 a - a +0 dagger
Missiles
 h - 3 javelins
 i - a throwing net
Armour
 b - a +0 robe (worn)
 c - a +0 hat (worn)
Scrolls
 f - 4 scrolls of remove curse {unknown}
 g - a scroll of enchant weapon {unknown}
 j - a scroll of magic mapping {unknown}
 k - a scroll of enchant armour {unknown}
Potions
 d - a potion of heal wounds {unknown}
 e - 2 potions of haste {unknown}


   Skills:
 * Level 0.3 Throwing
 - Level 1.5 Dodging
 - Level 1.0 Stealth
 * Level 2.0 Unarmed Combat
 - Level 2.0 Spellcasting
 - Level 0.6 Conjurations
 - Level 0.6 Summonings
 - Level 0.6 Translocations


You had 4 spell levels left.
You knew the following spells:

 Your Spells              Type           Power        Failure   Level
a - Magic Dart            Conj           8%           24%         1

Your spell library contained the following spells:

 Spells                   Type           Power        Failure   Level
 Blink                    Tloc           N/A          36%         2
 Call Imp                 Summ           2%           36%         2
 Slow                     Hex            1%           43%         2
 Conjure Flame            Conj/Fire      1%           63%         3
 Mephitic Cloud           Conj/Pois/Air  1%           65%         3


Dungeon Overview and Level Annotations

Branches:
Dungeon (1/15)

Altars:


Innate Abilities, Weirdness & Mutations

You are too large for most types of armour.
You have claws for hands.
Your natural rate of healing is unusually fast.
You are covered in fur. (AC +1)
You have extremely tough skin. (AC +3)


Message History

The hobgoblin is lightly wounded.
The hobgoblin hits you with a +0 club.
You scratch the hobgoblin.
The hobgoblin is heavily wounded.
The hobgoblin barely misses you.
You claw the hobgoblin!
You kill the hobgoblin!
Your Unarmed Combat skill increases to level 2!
Things that are here:
a +0 club; a hobgoblin corpse
k - a scroll labelled FADOFO HYEBUA
Things that are here:
a +0 club; a hobgoblin corpse
e - 2 puce potions (gained 1)
You see here a kobold skeleton.
There is an open door here.
There is an open door here.
There is a staircase leading out of the dungeon here.
Are you sure you want to leave the Dungeon?
This will make you lose the game!
You have escaped!

######........................###
##....>..........................
.#.............PPPPP...PPPPP.....
....###.#......P...........P..#.#
..### #.##.....P..♣.....♣..P.$#..
...............P...........P.....
#.......>......######'######.....
##..###.....#..#...#...#...#.†.##
##..# ....# .#@..'...'...#...##
...# #. ..#######.#...#....#
...####. # #..#... #.#...#..#..
>####....# #..#... .+.#####.....
## #.#..# ##..#.....#.+...#.....
#.#.## #...#.....#.#.⌠⌠#.....
#....###...#############.....
#####.##.........................
.........###...............###...


There were no monsters in sight!

Vanquished Creatures
  A dart slug (D:1)
  A goblin (D:1)
  3 hobgoblins (D:1)
  5 bats (D:1)
  3 kobolds (D:1)
13 creatures vanquished.

Notes
Turn   | Place    | Note
-------+----------+-------------------------------------------
     0 | D:1      | Trampli the Troll Hedge Wizard began the quest for the Orb.
     0 | D:1      | Reached XP level 1. HP: 16/16 MP: 2/2
    32 | D:1      | Reached skill level 1 in Unarmed Combat
   164 | D:1      | Reached XP level 2. HP: 24/24 MP: 4/4
   342 | D:$      | Got out of the dungeon alive.

Illustrated notes

Levels and vault maps discovered:
D:1:      evilmike_arrival_home_sweet_home, layout_rooms

Skill      XL: |  1  2 |
---------------+-------+-----
Unarmed Combat | 1 2 |  2.0
Throwing       | |  0.3
Dodging        | |  1.5
Stealth        | |  1.0
Spellcasting   | |  2.0
Conjurations   | |  0.6
Summonings     | |  0.6
Translocations | |  0.6

Action                   || total
-------------------------++-------
Melee: Unarmed           ||    35
Armor: Robe              ||    17
Dodge: Dodged            ||    20
